 Dungeon Crawl Stone Soup version 0.30.1 (webtiles) character file.

Game seed: 10354192917106185956

11 Arctor the Insei (level 2, -8/18 HPs)
             Began as an Octopode Transmuter on July 9, 2023.
             Mangled by a kobold
             ... wielding a +2 whip of electrocution
              (19 damage)
             ... on level 3 of the Dungeon.
             The game lasted 00:00:24 (1043 turns).

Arctor the Insei (Octopode Transmuter)              Turns: 1043, Time: 00:00:24

Health: -8/18      AC:  1    Str:  9    XL:     2   Next: 29%
Magic:  4/5        EV: 13    Int: 15    God:
Gold:   62         SH:  0    Dex: 12    Spells: 4/5 levels left

rFire   . .          .
                       - Unarmed
rCold   . . .        (no shield)
rNeg    . . .        (helmet currently unavailable)
rPois   .            (no amulet)
rElec   .            (no ring)
rCorr   .            (no ring)
SInv    .            (no ring)
Will    .....        (no ring)
Stlth   ++           (no ring)
HPRegen 0.23/turn    (no ring)
MPRegen 0.09/turn    (no ring)
                     (no ring)

%: no passive effects
@: appendages
A: tentacle spike 3, almost no armour, amphibious, 8 rings, camouflage 1,
gelatinous body 1, (nimble swimmer 1), tentacles
a: End Transformation


You were on level 3 of the Dungeon.
One of your tentacles had grown a beastly spike.
You visited 1 branch of the dungeon, and saw 3 of its levels.

You collected 62 gold pieces.

Inventory:

Scrolls
 d - 2 scrolls of identify {unknown}
 f - a scroll of teleportation {unknown}
 g - a scroll of blinking {unknown}
Potions
 a - 2 potions of lignification
 b - a potion of attraction {unknown}
 c - a potion of resistance {unknown}
 e - a potion of heal wounds {unknown}
 h - a potion of curing {unknown}


   Skills:
 + Level 1.3 Fighting
 + Level 2.1 Dodging
 + Level 3.1 Unarmed Combat
 + Level 2.1 Spellcasting
 + Level 2.2 Transmutations


You had 4 spell levels left.
You knew the following spells:

 Your Spells              Type           Power      Damage    Failure   Level
a - Beastly Appendage     Tmut           16%        N/A       9%          1

Your spell library contained the following spells:

 Spells                   Type           Power      Damage    Failure   Level
 Wereblood                Tmut           8%         N/A       14%         2
 Spider Form              Tmut/Pois      4%         N/A       38%         3
 Ice Form                 Ice/Tmut       4%         N/A       80%         4


Dungeon Overview and Level Annotations

Branches:
Dungeon (3/15)

Altars:


Innate Abilities, Weirdness & Mutations

One of your tentacles has grown a beastly spike.
You cannot wear most types of armour.
You are amphibious.
You can wear up to eight rings at the same time.
Your skin changes colour to match your surroundings (Stealth+).
Your rubbery body absorbs attacks. (AC +1, EV +1)
((You are camouflaged when in or above water. (Stealth+)))
You have tentacles for arms and can constrict up to eight enemies at once.


Message History

Found a stone staircase leading down.
An endoplasm comes into view.
An endoplasm is nearby!
One of your tentacles grows a vicious spike.
The endoplasm quivers.
No target in view!
No target in view!
No target in view!
Your transformation is almost over.
An endoplasm is nearby!
The endoplasm freezes you.
You are frozen.
An endoplasm is nearby!
You tentacle-slap the endoplasm. You squeeze the endoplasm.
You kill the endoplasm!
Magic restored.
Your tentacle spike disappears.
HP restored.
A kobold comes into view. It is wielding a +0 short sword.
An adder comes into view.
The kobold shouts!
The kobold throws a stone.
The stone barely misses you.
A kobold comes into view.
It is wielding a +2 whip of electrocution.
One of your tentacles grows a vicious spike.
The adder hisses angrily.
Found 6 stones and a purple potion.
The kobold barely misses you.
There are monsters nearby!
You tentacle-slap the kobold but do no damage.
Your grab misses the kobold.
The kobold hits you with a +0 short sword.
The kobold misses you. The adder bites you.
You barely miss the adder. Your grab misses the adder.
You pierce the adder.
Your tentacle-slap misses the adder.
The adder is lightly wounded.
The kobold closely misses you.
The kobold hits you with a +2 whip of electrocution.
You are electrocuted!!
Ouch! That really hurt!
You die...

#######################
.......................
.....##..........#####
####.##.########.#
.....##.# #....@#
..#.....#......KKS..#
#.#.#####..(........#
#...# ...........#
..### ...........# #.#
..!........# #..
............ ##.
.....####.... ..


You could see an adder and 2 kobolds.

Vanquished Creatures
  A bat (D:1)
  An endoplasm (D:3)
  3 giant cockroaches
  A goblin (D:1)
  2 hobgoblins (D:1)
  A rat (D:1)
9 creatures vanquished.

Notes
Turn   | Place    | Note
-------+----------+-------------------------------------------
     0 | D:1      | Arctor the Octopode Transmuter began the quest for the Orb.
     0 | D:1      | Reached XP level 1. HP: 13/13 MP: 3/3
   420 | D:1      | Reached XP level 2. HP: 16/18 MP: 3/5
   999 | D:2      | You fall into a shaft and drop 1 floor!
  1043 | D:3      | Mangled by a kobold

Illustrated notes

Levels and vault maps discovered:
D:1:      amcnicky_arrival_single_pillar, layout_basic, serial_forest,
          infiniplex_forest_lined_corner, infiniplex_forest_lined_4_way,
          infiniplex_forest_straight_5, infiniplex_forest_clump_medium,
          infiniplex_forest_clump_small, infiniplex_forest_corner_1,
          infiniplex_forest_clump_diagonal
D:2:      layout_loops_ring, chequers_arboretum
D:3:      layout_basic, serial_shops, nicolae_square_shop, ebering_ghost_sewer_f

Action                     || total
---------------------------++-------
  Melee: Unarmed           ||    19
         Constrict         ||     4
         Kick              ||     4
         Tentacles         ||     1
   Cast: Beastly Appendage ||    13
   Stab: Sleeping          ||     2
 Armour: Skin              ||     3
  Dodge: Dodged            ||    14
